 Dungeon Crawl Stone Soup version 0.29.0-4-gdea44cf6ec (webtiles) character file.

Game seed: 4186834313590293949

26 qw the Sneak (level 3, -13/23 HPs)
             Began as a Gargoyle Delver on Sept 10, 2022.
             Killed by divine providence
             ... invoked by an orc priest
              (15 damage)
             ... on level 5 of the Dungeon.
             The game lasted 00:00:04 (353 turns).

qw the Sneak (Gargoyle Delver)                       Turns: 353, Time: 00:00:05

Health: -13/23     AC:  6    Str: 17    XL:     3   Next: 8%
Magic:  3/3        EV: 11    Int: 10    God:
Gold:   0          SH:  0    Dex: 11    Spells: 2/2 levels left

rFire   . . .      SeeInvis .   a - +0 hand axe
rCold   . . .      Faith    .   (no shield)
rNeg    + . .      Spirit   .   b - +0 leather armour
rPois   inf        Reflect  .   (no helmet)
rElec   +          Harm     .   (no cloak)
rCorr   .          Rampage  .   (no gloves)
Will    .....                   (no boots)
Stlth   +++.......              (no amulet)
HPRegen 0.07/turn               (no ring)
MPRegen 0.08/turn               (no ring)

@: no status effects
A: sickness immunity, AC +3, negative energy resistance 1, electricity
resistance, torment resistance 1, petrification resistance
a: no special abilities


You were on level 5 of the Dungeon.
You visited 1 branch of the dungeon, and saw 1 of its levels.


Innate Abilities, Weirdness & Mutations

You are immune to sickness and miasma.
Your stone body is resilient. (AC +3)
You are immune to poison.
You resist negative energy. (rN+)
You are resistant to electric shocks. (rElec)
You are resistant to unholy torment.
You are immune to petrification.


   Skills:
 - Level 3.2 Fighting
 + Level 3.1 Axes
 - Level 1.5 Dodging
 - Level 5.4 Stealth


You had 2 spell levels left.
You didn't know any spells.
Your spell library was empty.

Inventory:

Hand Weapons
 a - a +0 hand axe (weapon)
Armour
 b - a +0 leather armour (worn)
Wands
 g - a wand of digging (3)
Scrolls
 c - a scroll of fog
 d - a scroll of magic mapping
 e - a scroll of fear
Potions
 f - a potion of haste

Dungeon Overview and Level Annotations

Branches:
Dungeon (5/15)
 Temple: D:4-7

Altars:


Message History

You slash the orc!
You kill the orc!
The orc priest begins to cast a cantrip, but forgets the words!
343 ||| Stepping ~*~*~tactically~*~*~ (hiding).
A dart slug comes into view.
You see here a +0 flail.
344 ||| Stepping ~*~*~tactically~*~*~ (hiding).
The orc priest barely misses you.
You hit the orc priest.
The orc priest is lightly wounded.
The orc priest hits you with a +0 hand axe.
You hit the orc priest but do no damage.
The orc priest is lightly wounded.
The orc priest hits you with a +0 hand axe.
You hit the orc priest but do no damage.
The orc priest is lightly wounded.
The orc priest closely misses you.
You closely miss the orc priest.
The orc priest is lightly wounded.
The orc priest barely misses you.
You hit the orc priest.
The orc priest is lightly wounded.
The orc priest hits you with a +0 hand axe!
The dart slug launches a dart at you.
The slug dart hits you but does no damage.
You hit the orc priest but do no damage.
The orc priest is lightly wounded.
The orc priest closely misses you.
The orc priest hits you with a +0 hand axe.
You closely miss the orc priest.
The orc priest is lightly wounded.
The orc priest barely misses you.
You barely miss the orc priest.
The orc priest is lightly wounded.
You hit the dart slug. The dart slug bites you.
The orc priest invokes the aid of Beogh against you.
Beogh smites you!
Ouch! That really hurt!
You die...

.# #.# .# #.#
.# #.##.# ...
#....# #..#
#....##..#
#.####....#..##
#..wo@........#
.#.####w......#
.....##).....##
..ww........##
#...##.###.##
.. #. #..## ...
#...## #
.#...#...)## ##
.##.........#
#.


You could see an orc priest and 2 dart slugs.

Vanquished Creatures
  An iguana (D:5)
  An orc (D:5)
2 creatures vanquished.

Notes
Turn   | Place    | Note
-------+----------+-------------------------------------------
     0 | D:5      | qw the Gargoyle Delver began the quest for the Orb.
     0 | D:5      | Reached XP level 1. HP: 14/14 MP: 1/1
     0 | D:5      | 0 ||| qw: Version: 0.1-a-116-g5d60599
     0 | D:5      | 0 ||| qw: Game counter: 9305
     0 | D:5      | 0 ||| qw: Always use a shield: true
     0 | D:5      | 0 ||| qw: God list: Okawaru
     0 | D:5      | 0 ||| qw: Allow faded altars: false
     0 | D:5      | 0 ||| qw: Do Orc after D:15 true
     0 | D:5      | 0 ||| qw: Do second Lair branch before Depths: true
     0 | D:5      | 0 ||| qw: Lair rune preference: random
     0 | D:5      | 0 ||| qw: Plans: Normal
     0 | D:5      | 0 ||| PLANNING D:1-11
    30 | D:5      | Noticed an iguana
    40 | D:5      | HP: 3/14 [iguana (3)]
    42 | D:5      | Killed an iguana
    43 | D:5      | Reached skill level 3 in Axes
    43 | D:5      | Reached XP level 2. HP: 5/19 MP: 2/2
    43 | D:5      | Reached XP level 3. HP: 6/23 MP: 3/3
   338 | D:5      | 338 ||| Stepping ~*~*~tactically~*~*~ (stealth).
   341 | D:5      | 341 ||| Stepping ~*~*~tactically~*~*~ (stealth).
   343 | D:5      | 343 ||| Stepping ~*~*~tactically~*~*~ (hiding).
   344 | D:5      | 344 ||| Stepping ~*~*~tactically~*~*~ (hiding).
   350 | D:5      | HP: 5/23 [orc priest/+0 hand axe (7)]
   351 | D:5      | HP: 2/23 [orc priest/+0 hand axe (3)]
   353 | D:5      | Killed from afar by an orc priest

Levels and vault maps discovered:
D:5:      layout_basic, okawaru_gym_becter, kennysheep_mini,
          nicolae_gozag_seed_capital, supply_closet_lemuel,
          nicolae_figureground_pulse

Skill      XL: |  1 |
---------------+----+-----
Axes           | 3 |  3.1
Fighting       | |  3.2
Dodging        | |  1.5
Stealth        | |  5.4

Action                   || total
-------------------------++-------
Melee: Hand axe          ||    20
Armor: Leather armour    ||     4
Dodge: Dodged            ||    11

Table legend:
 A = Non-vault XP
 B = Vault XP
 C = Vault XP percentage of total XP
 D = Non-vault monster count
 E = Vault monster count
 F = Vault count percentage of total count
                 A         B        C        D         E       F
            +---------+---------+-------+---------+---------+-------
      Total |      38 |       0 |   0.0 |       2 |       0 |   0.0
            +---------+---------+-------+---------+---------+-------
        D:5 |      38 |       0 |   0.0 |       2 |       0 |   0.0
            +---------+---------+-------+---------+---------+-------
